 Dungeon Crawl Stone Soup version 0.28.0-53-g5a82cb258f (webtiles) character file.

Game seed: 18019069879204077356

160 KamiKatze the Chopper (level 5, -3/33 HPs)
             Began as a Gargoyle Berserker on July 27, 2022.
             Was a Believer of Trog.
             Slain by Crazy Yiuf
             ... wielding a +3 quarterstaff of chaos
              (14 damage)
             ... on level 3 of the Dungeon.
             The game lasted 00:09:47 (3120 turns).

KamiKatze the Chopper (Gargoyle Berserker)          Turns: 3120, Time: 00:09:47

Health: -3/33      AC: 10    Str: 23    XL:     5   Next: 41%
Magic:  5/5        EV: 11    Int:  7    God:    Trog [**....]
Gold:   45         SH:  0    Dex:  9    Spells: 4/4 levels left

rFire   . . .      SeeInvis +   a - +0 hand axe
rCold   . . .      Faith    .   (no shield)
rNeg    + . .      Spirit   .   l - +0 ring mail
rPois   ∞          Reflect  .   t - +0 helmet
rElec   +          Harm     .   (no cloak)
rCorr   .          Rampage  .   (no gloves)
Will    .....                   (no boots)
Stlth   ..........              g - amulet of magic regeneration
HPRegen 0.11/turn               m - ring of see invisible
MPRegen 0.49/turn               (no ring)

@: on berserk cooldown, slowed, very slow
A: sickness immunity, AC +4, negative energy resistance 1, electricity
resistance, torment resistance 1, petrification resistance
a: Renounce Religion, Berserk, Trog's Hand


You were on level 3 of the Dungeon.
You worshipped Trog.
Trog was pleased with you.
You visited 1 branch of the dungeon, and saw 3 of its levels.

You collected 45 gold pieces.

Inventory:

Hand Weapons
 a - a +0 hand axe (weapon)
 k - a +0 whip of freezing
Missiles
 c - 109 stones (quivered)
Armour
 l - a +0 ring mail (worn)
 t - a +0 helmet (worn)
Jewellery
 g - an amulet of magic regeneration (around neck)
 m - a ring of see invisible (left hand)
 r - a ring of fire
Scrolls
 j - 2 scrolls of blinking {unknown}
 p - a scroll of brand weapon {unknown}
 q - a scroll of immolation {unknown}
 s - a scroll of enchant weapon {unknown}
Potions
 b - a potion of lignification
 d - a potion of invisibility
 e - a potion of resistance
 h - a potion of brilliance
 i - a potion of mutation
 n - a potion of haste
 o - a potion of degeneration {unknown}


   Skills:
 - Level 4.0 Fighting
 * Level 4.5 Axes
 - Level 3.0 Armour
 - Level 2.0 Dodging


You had 4 spell levels left.
You didn't know any spells.
Your spell library was empty.

Dungeon Overview and Level Annotations

Branches:
Dungeon (3/15)

Altars:

Shops:
D:1 (

Annotations:
D:3 Crazy Yiuf


Innate Abilities, Weirdness & Mutations

You are immune to sickness and miasma.
Your stone body is resilient. (AC +4)
You are immune to poison.
You resist negative energy. (rN+)
You are resistant to electric shocks. (rElec)
You are resistant to unholy torment.
You are immune to petrification.


Message History

Found six maces and a runed mace.
Found a runed translucent door.
You see here a +0 mace.
Found a mace.
Crazy Yiuf shouts!
Crazy Yiuf glowers.
You see here a +0 mace.
You see here a +0 mace.
Found three maces.
Crazy Yiuf yells, "Mountain chair hog!"
You see here a +0 mace.
A red film seems to cover your vision as you go berserk!
You feel yourself moving faster!
You feel mighty!
The door flies open with a bang!
You feel a strong urge to attack something.
Crazy Yiuf zaps a wand.
The puff of flame hits you.
There is an open translucent door here.
You closely miss Crazy Yiuf.
Crazy Yiuf hits you with a +3 quarterstaff of chaos.
You slash Crazy Yiuf!
Crazy Yiuf is moderately wounded.
You barely miss Crazy Yiuf.
Crazy Yiuf is moderately wounded.
Crazy Yiuf hits you but does no damage.
You hit Crazy Yiuf but do no damage.
Crazy Yiuf is moderately wounded.
Crazy Yiuf hits you with a +3 quarterstaff of chaos!
You are confused.
You slash Crazy Yiuf!
Crazy Yiuf is severely wounded.
You bump into the stone wall.
You are no longer berserk.
You are exhausted.
You feel yourself slow down.
Crazy Yiuf hits you with a +3 quarterstaff of chaos.
* * * LOW HITPOINT WARNING * * *
Crazy Yiuf freezes you.
* * * LOW HITPOINT WARNING * * *
You feel less confused.
Crazy Yiuf hits you with a +3 quarterstaff of chaos!
You die...

###### #....# ####### #.####
..(...# #.# #####.# #.# # #.# #.#
##### ###### ## # #.# #.# #))@###
##....## #. # ##'####.#
#.)g')####......###. ####.....#.#
#)))##))#).......... ...#.....#.#
########)#)...#####. ##.#.....#>#
######## #. #.##.####.# #.
#.........# ### #.
#####.####.#########.###########.
......####..)....................


You could see Crazy Yiuf.

Vanquished Creatures
  2 orc priests (D:3)
  Robin (D:3)
  2 adders
  4 worms (D:3)
  2 dart slugs
  An orc (D:3)
  3 ball pythons
  5 endoplasms
  2 giant cockroaches (D:1)
  10 goblins
  6 hobgoblins
  2 jackals (D:1)
  2 quokkas
  4 bats
  A frilled lizard (D:1)
  3 kobolds (D:1)
  6 rats
56 creatures vanquished.

Notes
Turn   | Place    | Note
-------+----------+-------------------------------------------
     0 | D:1      | KamiKatze the Gargoyle Berserker began the quest for the
                  | Orb.
     0 | D:1      | Reached XP level 1. HP: 14/14 MP: 1/1
   354 | D:1      | Reached XP level 2. HP: 19/19 MP: 2/2
   386 | D:1      | Found Bykhuuluy's Weapon Boutique.
   740 | D:1      | Found a faded altar of an unknown god.
   793 | D:1      | Reached ** piety under Trog
   823 | D:1      | Reached XP level 3. HP: 20/23 MP: 3/3
  1968 | D:3      | Reached XP level 4. HP: 15/29 MP: 4/4
  2467 | D:3      | Reached XP level 5. HP: 14/33 MP: 5/5
  2885 | D:3      | Noticed Robin
  2915 | D:3      | Killed Robin
  3107 | D:3      | Found a runed translucent door.
  3108 | D:3      | Noticed Crazy Yiuf
  3120 | D:3      | Slain by Crazy Yiuf

Illustrated notes

Levels and vault maps discovered:
D:1:      minmay_arrival_doors, layout_rooms, serial_shops, nicolae_shop_stone,
          hellmonk_ecumenical_altar_inner_sanctum
D:2:      layout_basic, kennysheep_path_1, minivault_5
D:3:      layout_basic, uniq_robin, uniq_crazy_yiuf_cottage

Skill      XL: |  1  2  3  4 |
---------------+-------------+-----
Axes           | 3 4 |  4.5
Dodging        | 2 |  2.0
Armour         | 3 |  3.0
Fighting       | 4 |  4.0

Action                   |  1- 3 |  4- 6 || total
-------------------------+-------+-------++-------
Melee: Hand axe          |   157 |    64 ||   221
       Punch             |     3 |     1 ||     4
Invok: Berserk           |     2 |     2 ||     4
  Use: Scroll            |     3 |     3 ||     6
Armor: Animal skin       |    38 |       ||    38
       Ring mail         |    16 |    16 ||    32
Dodge: Dodged            |   118 |    17 ||   135
